Map: [ESL] Stargazers

Players

Reynor - Winner!

  • Race: Zerg Zerg
  • Spawn Location: 1:00

Bunny

  • Race: Terran Terran
  • Spawn Location: 11:00

Event: DreamHack SC2 Masters 2022 Valencia

VOD

Have the link to the VOD?

Description

Time

  • Played on: July 2, 2022, 10:51 a.m.
  • Length: 18:49

All games in this series

Show
View Real Time Build Order
Export as new Build Order

Reynor Zerg - Winner!

Build Orders: Hatch First 

Get SALT Encoding   

  12  0:00  Drone  
  13  0:12  Overlord  
  13  0:16  Drone  
  14  0:30  Drone x2  
  16  0:47  Hatchery  
  15  0:50  Drone  
  15  0:54  Drone  
  17  0:57  Drone  
  18  1:08  Extractor  
  17  1:12  Spawning Pool  
  17  1:15  Drone  
  17  1:20  Drone  
  18  1:27  Drone  
  19  1:38  Drone  
  20  1:50  Drone  
  21  1:59  Queen x2  
  21  2:00  Zergling x4  
  27  2:12  Hatchery  
  26  2:18  Overlord  
  26  2:21  Drone  
  27  2:24  Drone  
  27  2:37  Drone x3  
  27  2:42  Overlord  
  27  2:43  Drone  
  31  2:50  Metabolic Boost  
  31  2:53  Drone x2  
  31  2:56  Queen  
  35  3:04  Drone x2  
  37  3:08  Overlord  
  37  3:09  Drone x2  
  39  3:14  Queen  
  39  3:18  Drone  
  39  3:19  Drone  
  43  3:24  Overlord  
  43  3:26  Drone x2  
  45  3:33  Queen  
  47  3:35  Drone  
  47  3:36  Drone  
  47  3:38  Drone  
  50  3:41  Queen  
  50  3:46  Drone x2  
  50  3:48  Drone  
  55  3:50  Queen  
  57  3:58  Overlord, Zergling x4  
  59  4:08  Drone x2  
  59  4:09  Overlord, Queen  
  63  4:10  Drone  
  63  4:11  Drone  
  63  4:13  Overlord  
  65  4:18  Drone  
  65  4:19  Queen, Drone  
  65  4:22  Overlord  
  65  4:24  Drone x2  
  71  4:27  Overlord  
  71  4:29  Drone  
  72  4:32  Queen  
  72  4:33  Extractor  
  72  4:34  Drone  
  72  4:36  Drone  
  75  4:40  Overlord  
  75  4:43  Drone x2  
  77  4:47  Evolution Chamber x2  
  77  4:48  Spore Crawler  
  77  4:51  Drone x2  
  77  4:52  Drone x2  
  78  4:54  Spore Crawler, Drone  
  78  4:56  Zergling x2  
  78  4:59  Zergling x2  
  80  5:02  Drone x5  
  80  5:04  Zergling x2  
  80  5:06  Overlord  
  86  5:07  Drone  
  86  5:13  Spore Crawler  
  86  5:17  Hatchery  
  86  5:18  Zerg Ground Armor Level 1  
  86  5:19  Drone  
  86  5:24  Overlord  
  87  5:28  Drone x3  
  87  5:33  Zergling x2  
  87  5:34  Zergling x6  
  91  5:38  Lair  
  91  5:40  Overlord  
  91  5:43  Drone x2  
  91  5:44  Drone  
  91  5:45  Drone  
  91  5:46  Overlord  
  91  5:48  Zerg Melee Weapons Level 1  
  91  5:49  Drone  
  95  5:50  Drone x2  
  95  5:51  Drone x2, Extractor x3  
  95  5:52  Extractor  
  95  5:53  Drone  
  96  6:00  Baneling Nest  
  96  6:01  Overlord  
  96  6:02  Drone  
  96  6:04  Drone  
  97  6:08  Drone x3  
  99  6:14  Drone  
  99  6:15  Overlord  
  99  6:16  Drone  
  101  6:18  Drone  
  101  6:19  Overlord, Drone x2  
  101  6:22  Drone x2  
  101  6:24  Overlord  
  106  6:27  Drone x2  
  106  6:29  Queen  
  106  6:30  Drone  
  111  6:34  Zergling x2  
  111  6:36  Zergling x4  
  111  6:38  Zergling x4  
  116  6:40  Spore Crawler, Drone  
  116  6:42  Spire  
  116  6:43  Centrifugal Hooks  
  116  6:46  Zergling x2  
  116  6:48  Zergling x6  
  116  6:54  Zergling x10  
  123  6:55  Zergling x2  
  123  6:59  Zergling x2  
  123  7:00  Overlord  
  126  7:01  Baneling x3  
  126  7:03  Zergling x4  
  126  7:05  Zergling x6  
  131  7:10  Zergling x2  
  131  7:11  Zergling x2  
  131  7:14  Zerg Ground Armor Level 2  
  130  7:15  Drone x2  
  130  7:17  Drone  
  130  7:18  Drone x2  
  130  7:19  Overseer  
  130  7:22  Drone x2  
  137  7:23  Drone  
  137  7:26  Drone, Baneling x5  
  139  7:31  Baneling x2  
  139  7:32  Drone x2, Baneling x2  
  139  7:34  Drone  
  139  7:36  Zergling x14  
  148  7:39  Baneling x6  
  148  7:40  Zergling x6  
  151  7:45  Extractor  
  151  7:46  Extractor, Drone x4  
  151  7:47  Zergling x2  
  151  7:48  Zergling x2  
  151  7:49  Zergling x2  
  156  7:56  Overlord  
  156  7:57  Zergling x2  
  157  7:59  Hatchery  
  157  8:05  Mutalisk x2  
  151  8:09  Mutalisk x6  
  151  8:11  Mutalisk  
  166  8:14  Zergling x4  
  166  8:16  Overlord  
  166  8:17  Zergling x10  
  173  8:23  Zerg Melee Weapons Level 2  
  173  8:26  Zergling x8  
  176  8:31  Zergling x2  
  176  8:32  Baneling x7  
  176  8:35  Zergling x2  
  176  8:36  Zergling x4  
  176  8:39  Mutalisk x2  
  183  8:43  Zergling x14  
  190  8:51  Zergling x14  
  196  8:56  Zerg Flyer Weapons Level 1  
  196  8:57  Mutalisk x2  
  197  9:04  Zergling x4  
  198  9:11  Zergling x2  
  198  9:15  Baneling x20  
  180  9:46  Zergling x32  
  180  9:47  Zergling x6  
  180  9:51  Mutalisk x6  
  197  9:53  Zergling x2  
  197  9:56  Zergling x8  
  197  9:57  Zergling x4  
  193  10:03  Mutalisk x2  
  194  10:11  Zergling x6  
  194  10:13  Zergling x4  
  192  10:16  Zergling x6  
  192  10:18  Baneling x22  
  192  10:20  Zergling x2  
  192  10:21  Zergling x2  
  197  10:24  Hatchery  
  197  10:28  Zergling x2  
  196  10:37  Pneumatized Carapace, Zergling x2  
  196  10:38  Zergling x18  
  179  10:43  Zergling x2  
  179  10:46  Zergling x10  
  157  10:50  Zergling x4  
  157  10:53  Zergling x14  
  151  10:57  Baneling x8  
  151  10:58  Zergling x2  
  151  11:01  Zergling x4  
  151  11:02  Zergling x4  
  151  11:03  Baneling x11  
  148  11:07  Mutalisk  
  148  11:11  Mutalisk x3  
  148  11:13  Zergling x2  
  141  11:20  Mutalisk x3  
  141  11:24  Zergling x8  
  150  11:30  Mutalisk  
  150  11:31  Mutalisk x2  
  150  11:32  Zergling x2  
  155  11:33  Zergling x12  
  155  11:37  Zergling x8, Hatchery  
  164  11:40  Baneling x9  
  164  11:45  Zergling x6  
  169  11:47  Zergling x4  
  169  11:51  Zergling x6  
  169  11:52  Baneling  
  169  11:53  Baneling x10  
  172  11:57  Zergling x6  
  175  12:03  Zergling x10  
  177  12:12  Zergling x12  
  177  12:14  Zergling x2  
  178  12:17  Mutalisk x2  
  178  12:19  Zergling x14  
  178  12:20  Baneling x9  
  178  12:21  Baneling x7  
  180  12:28  Zergling x10  
  182  12:30  Zergling x2  
  182  12:31  Zergling x4  
  182  12:36  Baneling  
  182  12:37  Baneling x6  
  182  12:41  Zergling x6  
  182  12:42  Zergling x4  
  189  12:48  Overlord x2  
  189  13:05  Zerg Flyer Weapons Level 2  
  187  13:11  Drone x7  
  186  13:16  Zergling x28  
  191  13:21  Mutalisk x4  
  191  13:22  Hatchery  
  191  13:25  Zergling x4  
  191  13:26  Hatchery  
  199  13:32  Zergling x14  
  195  13:37  Zergling x10  
  181  13:43  Zergling x2  
  181  13:47  Hatchery  
  181  13:53  Zergling x14  
  185  13:55  Zergling x2  
  185  13:57  Zergling x2  
  185  14:00  Zergling x2  
  183  14:09  Zergling x12  
  173  14:28  Zergling x8  
  173  14:29  Zergling x8  
  180  14:35  Zergling x4  
  182  14:40  Zergling x10  
  182  14:43  Burrow  
  183  14:53  Zergling x2  
  183  14:54  Zergling x12  
  180  15:07  Zergling x16  
  180  15:11  Zergling x6  
  190  15:17  Zergling x4  
  190  15:18  Zergling x4  
  190  15:20  Zergling x2  
  194  15:27  Zergling x4  
  192  15:32  Baneling x25  
  192  15:33  Baneling x8  
  192  15:34  Zergling x10  
  195  15:42  Zergling x6  
  196  15:48  Drone x3  
  199  15:51  Infestation Pit  
  194  16:03  Zergling x16  
  199  16:08  Baneling x15  
  199  16:09  Zergling x2  
  199  16:21  Zergling x2  
  199  16:22  Zergling x16  
  178  16:26  Baneling x2, Zergling x4  
  178  16:27  Zergling x22  
  178  16:29  Queen x2  
  167  16:33  Mutalisk x2  
  167  16:34  Queen  
  167  16:36  Zergling x4  
  167  16:39  Zergling x4  
  175  16:42  Zergling x2  
  175  16:43  Zergling x2  
  175  16:46  Zergling x4  
  175  16:47  Zergling x4  
  154  16:48  Zergling x4  
  154  16:52  Zergling x2  
  154  16:54  Zergling x2  
  135  16:55  Zergling x2  
  135  16:57  Zergling x4  
  135  17:02  Corruptor x2  
  135  17:05  Corruptor x2  
  137  17:12  Corruptor x4  
  146  17:15  Zergling x6  
  146  17:16  Zergling x4  
  143  17:24  Zergling x6  
  143  17:26  Zergling x4  
  141  17:33  Zergling x8  
  143  17:37  Zergling x6  
  143  17:42  Baneling x18  
  142  17:49  Baneling x5  
  142  17:50  Zergling x16  
  150  17:55  Zergling x4  
  150  17:56  Zergling x4  
  153  18:03  Baneling x2  
  142  18:07  Zergling x14  
  142  18:08  Zergling x2  
  142  18:11  Zergling x4  
  130  18:14  Zergling x2  
  130  18:18  Zergling x6  
  134  18:23  Zergling x6  
  137  18:31  Zergling x10  
  137  18:33  Baneling x14  
Show
View Real Time Build Order
Export as new Build Order

Bunny Terran 

Build Orders: Reaper Expand, Hellion Banshee 

Get SALT Encoding   

  12  0:00  SCV  
  13  0:12  SCV  
  14  0:17  Supply Depot  
  14  0:24  SCV  
  15  0:38  SCV  
  15  0:40  Barracks  
  15  0:42  Refinery  
  16  0:51  SCV  
  17  1:03  SCV  
  18  1:15  SCV  
  19  1:26  Reaper  
  19  1:27  Orbital Command  
  20  1:38  Command Center  
  20  1:49  Supply Depot  
  20  1:52  SCV  
  21  1:58  Marine  
  22  2:04  SCV  
  22  2:07  Factory  
  23  2:16  SCV  
  23  2:19  Barracks Reactor  
  25  2:30  SCV  
  25  2:42  SCV  
  26  2:47  Command Center  
  25  2:51  Orbital Command  
  26  2:54  SCV  
  26  2:58  Starport  
  27  3:02  Refinery  
  27  3:07  SCV  
  27  3:09  Hellion  
  27  3:12  Hellion  
  32  3:16  Barracks Tech Lab  
  32  3:18  SCV  
  32  3:19  SCV  
  34  3:30  Hellion  
  34  3:32  SCV x2  
  34  3:33  Hellion  
  40  3:40  Banshee  
  43  3:44  SCV x2  
  45  3:49  Supply Depot  
  45  3:53  Cloaking Field  
  45  3:59  Hellion x2  
  47  4:03  Orbital Command  
  47  4:04  SCV  
  47  4:05  SCV  
  47  4:08  Barracks Tech Lab  
  49  4:15  Orbital Command  
  49  4:19  SCV x2  
  49  4:23  Banshee  
  55  4:31  SCV x2  
  55  4:34  Stimpack  
  55  4:35  Marine  
  57  4:40  Barracks  
  57  4:42  Barracks  
  57  4:43  SCV x2  
  59  4:48  Factory Reactor  
  59  4:49  SCV  
  59  4:51  Engineering Bay  
  59  4:52  Engineering Bay  
  60  4:53  Refinery x2  
  60  4:55  SCV  
  61  5:02  SCV x2  
  61  5:06  Marine  
  64  5:07  SCV, Supply Depot x2  
  65  5:14  SCV x2  
  65  5:18  Terran Infantry Weapons Level 1  
  65  5:19  SCV  
  68  5:22  Starport Reactor  
  64  5:33  Marine x2  
  66  5:37  Barracks, SCV x2, Marine  
  66  5:39  Barracks, SCV  
  70  5:43  Siege Tank  
  70  5:46  Marine x2  
  70  5:49  Supply Depot, Terran Infantry Armor Level 1  
  75  5:51  Supply Depot, SCV x3, Marine x2  
  75  5:54  Marine  
  81  6:00  Medivac x2  
  85  6:10  Marine x4  
  85  6:11  SCV x3  
  92  6:12  Marine  
  92  6:16  Armory  
  92  6:17  Supply Depot  
  93  6:19  Siege Tank  
  93  6:23  SCV x3  
  99  6:26  Barracks Reactor x2  
  99  6:28  Marine  
  99  6:29  Marine  
  101  6:35  Combat Shield  
  101  6:38  Marine x3  
  104  6:40  SCV  
  104  6:41  SCV x2  
  104  6:43  Supply Depot x2  
  104  6:44  Supply Depot  
  107  6:47  Marine x2  
  109  6:56  Siege Tank, Marine x3  
  109  6:57  Medivac  
  114  7:03  Marine  
  114  7:04  Marine x3  
  114  7:05  Marine x2  
  120  7:12  Barracks  
  120  7:14  Barracks, Marine x3  
  122  7:21  Refinery, Marine x3  
  122  7:22  Marine  
  126  7:23  Supply Depot, Marine x2, Command Center  
  126  7:27  Terran Infantry Weapons Level 2  
  126  7:28  Terran Vehicle Weapons Level 1  
  128  7:32  Marine x2  
  128  7:35  Siege Tank  
  133  7:37  Marine  
  133  7:40  Marine  
  133  7:41  Marine x2  
  133  7:42  Supply Depot  
  137  7:44  Supply Depot  
  137  7:47  SCV x3  
  137  7:50  Terran Infantry Armor Level 2  
  140  7:55  Marine x3  
  140  7:56  Marine x3  
  146  7:58  Marine  
  146  7:59  Marine  
  148  8:07  Marine  
  148  8:09  Medivac  
  148  8:11  Medivac  
  153  8:13  Marine x5  
  153  8:17  Siege Tank  
  161  8:22  Marine x3  
  161  8:25  Marine  
  165  8:30  Missile Turret  
  165  8:31  Missile Turret, Barracks Reactor x2  
  165  8:33  Sensor Tower  
  165  8:34  Missile Turret  
  165  8:35  Marine x2  
  165  8:37  Supply Depot  
  165  8:38  Supply Depot  
  165  8:40  Missile Turret  
  165  8:41  Supply Depot  
  167  8:43  Marine x3  
  170  8:52  Marine x3  
  170  8:53  Marine  
  170  8:54  Marine  
  176  8:58  Thor  
  181  9:07  Planetary Fortress  
  181  9:09  SCV  
  180  9:10  SCV x2  
  180  9:14  Missile Turret  
  182  9:20  Marine  
  182  9:21  Marine x8  
  191  9:27  Missile Turret  
  191  9:29  Marine x3, Marauder  
  196  9:34  Sensor Tower  
  181  9:46  Medivac x2  
  181  9:47  Marine x9  
  185  9:54  Thor  
  185  9:58  Marauder  
  184  10:12  SCV  
  184  10:13  SCV x3  
  179  10:16  Medivac x2  
  179  10:19  Marauder  
  179  10:20  Marine x4  
  189  10:24  Marine  
  189  10:25  SCV, Marine x5  
  196  10:28  Missile Turret  
  196  10:36  Marine  
  196  10:40  Marauder  
  171  10:46  Medivac x2  
  171  10:48  Marine x11  
  159  10:55  Thor  
  147  10:59  Refinery x2  
  147  11:02  Marauder  
  149  11:06  Marine x8  
  149  11:09  Marine  
  149  11:10  Marine x3  
  160  11:22  SCV x3  
  160  11:23  Marauder  
  160  11:24  Marine x4  
  169  11:25  Terran Infantry Weapons Level 3  
  165  11:33  Marine  
  165  11:34  Marine x7  
  165  11:37  Concussive Shells  
  173  11:42  Thor, Marine x4  
  173  11:43  Barracks  
  173  11:44  Barracks, Marauder  
  185  11:51  Marine  
  186  11:54  Missile Turret  
  186  11:55  Missile Turret x2  
  186  11:56  Marine x5  
  191  12:06  Marauder  
  190  12:08  Marine  
  190  12:09  Marine x3  
  190  12:13  Marine  
  190  12:14  Marine x4  
  190  12:21  Marine  
  180  12:25  Marine  
  180  12:27  Marauder  
  178  12:31  Marine x6  
  178  12:32  Marine x4  
  185  12:39  Medivac, Marine  
  188  12:47  Supply Depot  
  188  12:48  Supply Depot  
  188  12:59  Marine  
  188  13:08  Thor, Medivac  
  175  13:20  Marine x7, Marauder  
  175  13:21  Marine x3  
  162  13:46  Barracks Tech Lab, Marauder  
  162  13:47  Barracks Tech Lab  
  156  13:52  Medivac x2  
  156  13:55  Marine  
  150  13:59  SCV x3  
  150  14:00  Marine x2  
  150  14:01  Marine x2  
  150  14:02  SCV  
  149  14:07  Marauder  
  145  14:11  SCV  
  145  14:12  SCV  
  139  14:29  Marauder  
  139  14:30  Marauder x2  
  145  14:31  Marine  
  145  14:32  Marine x3  
  145  14:38  Sensor Tower  
  149  14:39  Marine x6  
  149  14:43  SCV x2  
  157  14:50  Marauder  
  156  15:03  Marauder x2  
  157  15:09  Marine x4  
  157  15:11  Marauder  
  157  15:12  Liberator  
  165  15:18  Liberator  
  166  15:23  Marine  
  166  15:24  Marauder x2  
  169  15:33  Marauder  
  171  15:38  Marine  
  171  15:39  Marine x7  
  173  15:43  Marine x2  
  174  15:55  Marauder  
  174  15:56  Marauder  
  177  16:06  Marine x9  
  180  16:14  Marine x2  
  166  16:26  Marauder x3  
  166  16:27  Marine  
  166  16:28  Marine  
  144  16:39  Marine  
  140  16:40  Marine x5  
  111  16:47  Marauder  
  111  16:48  Marauder x2  
  111  16:52  Medivac  
  97  16:57  Marine x3  
  97  16:59  Marine  
  95  17:07  Marine x3  
  98  17:15  Orbital Command  
  96  17:17  Marine x4  
  97  17:31  Marine  
  97  17:35  Marauder x2  
  97  17:36  Marine  
  98  17:37  Marine  
  99  18:05  Marine x2  
  92  18:07  Marine  
  92  18:08  Marine x6  
  58  18:15  Marine x2  
  58  18:19  Marine  
  55  18:22  Marine  
  56  18:30  Marine  

Tags
 
Add a new tag
Caveats
  • Supply blocks, unpowered buildings, or Contaminate may cause inaccurate times.
  • Supply counts are checked every 10 seconds.